 Dungeon Crawl Stone Soup version 0.19-a0-1311-gdcfd90a (webtiles) character file.

3449 IcyTea the Basher (level 9, -1/72 HPs)
             Began as a Minotaur Fighter on Aug 31, 2016.
             Was a Priest of Qazlal.
             Slain by an eight-headed hydra (2 damage)
             ... on level 1 of the Lair of Beasts.
             The game lasted 00:27:59 (6212 turns).

IcyTea the Basher (Minotaur Fighter)                Turns: 6212, Time: 00:28:00

Health: -1/72      AC: 16    Str: 27    XL:     9   Next: 78%
Magic:  8/8        EV:  6    Int:  5    God:    Qazlal [***...]
Gold:   404        SH: 16    Dex: 11    Spells: 0 memorised, 8 levels left

rFire  . . .     SeeInvis .     v - +1 morningstar
rCold  . . .     Gourm    .     y - +0 plate armour
rNeg   . . .     Faith    .     c - +0 shield
rPois  +         Spirit   .     (helmet restricted)
rElec  .         Dismiss  .     (no cloak)
rCorr  .         Reflect  .     (no gloves)
MR     .....     Harm     .     (no boots)
Stlth  ..........               (no amulet)
                                i - ring of poison resistance
                                a - +2 ring of strength

@: mighty
A: retaliatory headbutt, horns 2, rough black scales 1, slimy green scales 1,
frail 1, sense surroundings 1, regeneration 1, screaming 1, weak 1
a: Upheaval, Elemental Force, Renounce Religion


You were on level 1 of the Lair of Beasts.
You worshipped Qazlal.
Qazlal was most pleased with you.
You were very hungry.

You visited 3 branches of the dungeon, and saw 10 of its levels.

You collected 404 gold pieces.

Inventory:

Hand Weapons
 v - a +1 morningstar (weapon)
Missiles
 b - 6 poisoned javelins
 p - 4 tomahawks (quivered)
Armour
 c - a +0 shield (worn)
 y - a +0 plate armour (worn)
Jewellery
 a - a +2 ring of strength (left hand)
 i - a ring of poison resistance (right hand)
 x - an uncursed ring of positive energy
Wands
 n - a wand of slowing (34/48)
 u - a wand of polymorph (14/24)
 w - a wand of lightning (13/15)
Scrolls
 e - 7 scrolls of identify
 h - 3 scrolls of recharging
 o - 2 scrolls of remove curse
 r - a scroll of magic mapping
Potions
 d - a potion of might
 m - a potion of cure mutation {unknown}
 t - 4 potions of curing
Comestibles
 f - 4 bread rations
 g - 2 beef jerkies
 j - 4 fruits
 k - 4 slices of pizza
 l - 11 royal jellies
 s - 3 meat rations


   Skills:
 - Level 8.0 Fighting
 - Level 11.1 Maces & Flails
 + Level 5.7 Armour
 - Level 10.1 Shields


You had 8 spell levels left.
You didn't know any spells.

Dungeon Overview and Level Annotations

Branches:
Dungeon (8/15)             Temple (1/1) D:5            Lair (1/6) D:8

Altars:
Ashenzari
Cheibriados
Dithmenos
Elyvilon
Fedhas
Gozag
Hepliaklqana
Kikubaaqudgha
Makhleb
Nemelex Xobeh
Okawaru
Qazlal
Ru
Sif Muna
Trog
Uskayaw
Vehumet
Yredelemnul
Zin
The Shining One

Shops:
D:6 (


Innate Abilities, Weirdness & Mutations

You reflexively headbutt those who attack you in melee.
You have a pair of horns on your head.
You are partially covered in rough black scales. (AC +2, Dex -1)
You are partially covered in slimy green scales. (AC +2)
You are frail. (-10% HP)
You passively map a small area around you.
Your natural rate of healing is unusually fast.
You occasionally shout uncontrollably at your foes.
You are weak. (Str -2)


Message History

You block the eight-headed hydra's attack.
The eight-headed hydra bites you but does no damage.
The eight-headed hydra bites you.
* * * LOW HITPOINT WARNING * * *
The eight-headed hydra bites you!
* * * LOW HITPOINT WARNING * * *
The eight-headed hydra barely misses you.
A yak comes into view.
You block the yak's attack.
You hear a bellow!
The yak gores the fungus.
The eight-headed hydra bites you!
* * * LOW HITPOINT WARNING * * *
You block the eight-headed hydra's attack.
The eight-headed hydra bites you.
* * * LOW HITPOINT WARNING * * *
You block the eight-headed hydra's attack.
The eight-headed hydra barely misses you.
You block the eight-headed hydra's attack.
The eight-headed hydra bites you.
You die...

........Y....##.........
*
.............##.........
#...).......#...........
##.....#Y..#............
##...##................
, ,
######Y............... ,
** ##Y§§.............. ,
#PYD...............
##@................ ,
#.................. ,
##................# *
#............†...## *
#..........†<†...# ,,
#......###....####
#.....## #####.#
*.....## ## **


You could see an eight-headed hydra and 4 yaks.

Vanquished Creatures
  Erica (D:8)
  A hippogriff (D:8)
  2 water moccasins
  3 ice beasts
  2 ogres (D:8)
  A phantom (D:5)
  2 sky beasts
  2 centaurs (D:5)
  A crocodile (Lair:1)
  2 big kobolds
  A giant frog (D:8)
  2 scorpions
  2 howler monkeys (D:8)
  5 crimson imps
  4 jellies
  A centaur skeleton (D:5)
  2 centaur zombies
  A hound (D:5)
  2 orc priests (D:5)
  3 orc wizards
  4 iguanas
  6 worker ants
  A hound skeleton (D:7)
  3 gnolls (D:5)
  7 adders
  7 river rats
  3 shadow imps
  8 oozes
  2 adder zombies
  A worm (D:5)
  A dart slug (D:3)
  4 giant geckos
  26 orcs
  6 giant cockroaches
  6 goblins
  7 hobgoblins
  2 jackals (D:6)
  14 kobolds
  8 bats
  A giant gecko skeleton (D:5)
  5 giant newts
  A quokka skeleton (D:4)
  A quokka zombie (D:5)
  11 rats
  A plant (D:5)
176 creatures vanquished.

Notes
Turn   | Place    | Note
-------+----------+-------------------------------------------
     0 | D:1      | IcyTea the Minotaur Fighter began the quest for the Orb.
     0 | D:1      | Reached XP level 1. HP: 19/19 MP: 0/0
    44 | D:1      | Reached skill level 3 in Maces & Flails
    44 | D:1      | Reached XP level 2. HP: 24/26 MP: 1/1
   357 | D:1      | Reached skill level 4 in Maces & Flails
   485 | D:1      | Reached XP level 3. HP: 31/31 MP: 2/2
   832 | D:2      | Found a stormy altar of Qazlal.
   844 | D:2      | Became a worshipper of Qazlal Stormbringer
   998 | D:2      | Found a deep blue altar of Sif Muna.
  1127 | D:2      | Found a sacrificial altar of Ru.
  1160 | D:2      | Reached skill level 5 in Maces & Flails
  1519 | D:3      | Reached XP level 4. HP: 31/39 MP: 3/3
  1613 | D:3      | Reached * piety under Qazlal
  1893 | D:3      | Reached skill level 6 in Maces & Flails
  1919 | D:3      | Gained mutation: You are partially covered in slimy green scales. (AC +2) [potion of mutation]
  1919 | D:3      | Gained mutation: You are frail. (-10% HP) [potion of mutation]
  1919 | D:3      | Gained mutation: You occasionally shout uncontrollably at your foes. [potion of mutation]
  1920 | D:3      | Gained mutation: You are partially covered in rough black scales. (AC +2, Dex -1) [potion of mutation]
  1920 | D:3      | Gained mutation: You are weak. (Str -2) [potion of mutation]
  2157 | D:4      | Reached XP level 5. HP: 40/40 MP: 4/4
  2482 | D:5      | Entered Level 5 of the Dungeon
  2492 | D:5      | Noticed an ice beast
  2505 | D:5      | Reached skill level 7 in Maces & Flails
  2511 | D:5      | Killed an ice beast
  2511 | D:5      | Reached XP level 6. HP: 32/45 MP: 5/5
  2523 | D:5      | Reached skill level 8 in Maces & Flails
  2659 | D:5      | Noticed a sky beast
  2718 | D:5      | Noticed an ice beast
  2734 | D:5      | Killed an ice beast
  2736 | D:5      | Reached skill level 9 in Maces & Flails
  2783 | D:5      | Reached XP level 7. HP: 24/51 MP: 6/6
  3072 | D:5      | Reached skill level 10 in Maces & Flails
  3080 | D:5      | Gained mutation: You passively map a small area around you. [mutagenic meat]
  3089 | D:5      | Gained mutation: Your natural rate of healing is unusually fast. [mutagenic meat]
  3127 | D:5      | Found a staircase to the Ecumenical Temple.
  3188 | Temple   | Entered the Ecumenical Temple
  3756 | D:5      | Reached skill level 11 in Maces & Flails
  3818 | D:5      | Reached XP level 8. HP: 55/59 MP: 7/7
  3836 | D:5      | Reached ** piety under Qazlal
  4027 | D:6      | Reached skill level 5 in Fighting
  4142 | D:6      | Found a stormy altar of Qazlal.
  4271 | D:6      | Found Ilurut's Weapon Shoppe.
  5460 | D:8      | Reached skill level 5 in Shields
  5500 | D:8      | Found a radiant altar of Vehumet.
  5500 | D:8      | Found an opulent altar of Gozag.
  5715 | D:8      | Reached XP level 9. HP: 68/72 MP: 8/8
  5730 | D:8      | Reached *** piety under Qazlal
  5764 | D:8      | Found a snail-covered altar of Cheibriados.
  5765 | D:8      | Found a shadowy altar of Dithmenos.
  5772 | D:8      | Found a basalt altar of Yredelemnul.
  5853 | D:8      | Found a staircase to the Lair.
  5879 | D:8      | Noticed Erica
  5899 | D:8      | Killed Erica
  5899 | D:8      | Reached skill level 10 in Shields
  6147 | Lair:1   | Entered Level 1 of the Lair of Beasts
  6161 | D:8      | Reached skill level 5 in Armour
  6194 | Lair:1   | Noticed an eight-headed hydra
  6212 | Lair:1   | HP: 2/72 [eight-headed hydra (11)]
  6212 | Lair:1   | Slain by an eight-headed hydra

Vault maps used:
D:1:      erik_arrival_gehennom
D:2:      lemuel_coloured_pillars_altar, nicolae_ru_the_path_less_chosen,
          nicolae_overflow_crystal_walls
D:3:      first_bread, corner_web_ring, kennysheep_generic_room_15
D:5:      lexackson_kobold_supper
D:6:      serial_shops, nicolae_shop_stone, grunt_qazlal_sundering
D:8:      minmay_weird_star, nicolae_overflow_hidden_temple,
          gammafunk_temple_overflow_elements, hangedman_little_slice_of_home,
          uniq_erica
Temple:   minmay_temple_forest_path
Lair:1:   lab_entry_generic, grunt_megastairs_3, uniq_nergalle, uniq_joseph,
          uniq_gastronok

Skill      XL: |  1  2  3  4  5  6  7  8  9 |
---------------+----------------------------+-----
Maces & Flails | 3 4 5 6 7 9 11 | 11.1
Fighting       | 4 8 |  8.0
Shields        | 6 10 | 10.1
Armour         | 5 |  5.7

Action                   |  1- 3 |  4- 6 |  7- 9 || total
-------------------------+-------+-------+-------++-------
Melee: Flail             |   124 |    40 |       ||   164
       Headbutt          |    13 |    15 |    58 ||    86
       Morningstar       |       |    98 |   318 ||   416
Evoke: Wand              |       |       |     1 ||     1
  Use: Scroll            |     2 |     9 |     7 ||    18
       Potion            |       |     6 |     3 ||     9
  Eat: Chunk             |     2 |     5 |    15 ||    22
Armor: Scale mail        |    55 |    14 |       ||    69
       Chain mail        |       |    41 |    85 ||   126
       Plate armour      |       |       |    54 ||    54
Dodge: Dodged            |    40 |    27 |    43 ||   110
Block: Shield            |    71 |    45 |   214 ||   330
